 Dungeon Crawl Stone Soup version 0.16-a0-2093-g8c923f7 (webtiles) character file.

114 smajdalf the Ruffian (level 4, 0/34 (36) HPs)
             Began as a Ghoul Warper on Nov 12, 2014.
             Killed by divine providence
             ... invoked by an orc priest
              (10 damage)
             ... on level 3 of the Dungeon.
             The game lasted 00:05:20 (2728 turns).

smajdalf the Ruffian (Ghoul Warper)                 Turns: 2728, Time: 00:05:20

HP:   0/34 (36)     AC:  3    Str: 14    XL:     4   Next: 98%
MP:   5/5           EV: 10    Int:  9    God:
Gold: 151           SH:  0    Dex:  8    Spells: 1 memorised, 5 levels left

rFire  . . .     SeeInvis .       - Unarmed
rCold  + . .     Clarity  .     b - +0 leather armour
rNeg   + + +     SustAb   .     (no shield)
rPois  +         Gourm    .     (no helmet)
rElec  .         Spirit   .     (no cloak)
rCorr  .         Warding  .     (no gloves)
rMut   .         Stasis   .     (no boots)
MR     .....                    (no amulet)
Stlth  +.........               (no ring)
                                a - ring of teleport control

@: rotting, not resistant to hostile enchantments, very unstealthy
A: rotting body, claws 1, carnivore 3, cold resistance 1, negative energy
resistance 3, poison resistance, slow healing 1, torment resistance, unbreathing
a: Evoke Teleport Control


You were on level 3 of the Dungeon.
You were not hungry.

You visited 1 branch of the dungeon, and saw 3 of its levels.

You collected 151 gold pieces.

Inventory:

Missiles
 e - 5 tomahawks of dispersal (quivered)
Armour
 b - a +0 leather armour (worn)
Jewellery
 a - a ring of teleport control (left claw)
Scrolls
 d - a scroll of blinking
 g - 2 scrolls of identify {unknown}
 h - a scroll of noise {unknown}
 m - 3 scrolls of fear {unknown}
 n - a scroll of enchant weapon {unknown}
 q - a scroll of amnesia {unknown}
 r - a scroll of remove curse {unknown}
 s - a scroll of enchant armour {unknown}
Potions
 f - a potion of cancellation {unknown}
 j - a potion of magic {unknown}
 k - 3 potions of heal wounds {unknown}
 l - a potion of degeneration {unknown}
Books
 c - a book of Spatial Translocations

   Spells                             Type                      Level
   *Apportation                       Translocation                1
   Blink                              Translocation                2
   Shroud of Golubria                 Charms/Translocation         2
   Portal Projectile                  Translocation                3
   Teleport Other                     Translocation                3
   Passage of Golubria                Translocation                4
 o - a book of Conjurations

   Spells                             Type                      Level
   Magic Dart                         Conjuration                  1
   Searing Ray                        Conjuration                  2
   Dazzling Spray                     Conjuration/Hexes            3
   Fulminant Prism                    Conjuration/Hexes            4
   Iskenderun's Mystic Blast          Conjuration                  4
   Iskenderun's Battlesphere          Conjuration/Charms           5
Comestibles
 i - 3 meat rations
 p - 5 chunks of flesh


   Skills:
 - Level 2.1 Fighting
 - Level 0.8 Throwing
 - Level 0.8 Armour
 - Level 1.7 Dodging
 + Level 5.4 Unarmed Combat
 - Level 1.7 Spellcasting
 - Level 2.6 Translocations


You had 5 spell levels left.
You knew the following spells:

 Your Spells              Type           Power        Failure   Level  Hunger
a - Apportation           Tloc           #.........   12%         1    ##.....


Dungeon Overview and Level Annotations

Branches:
Dungeon (3/15)

Altars:


Innate Abilities, Weirdness & Mutations

Your body is rotting away.
You thrive on raw meat.
You have sharp fingernails.
You are carnivorous and can eat meat at any time.
Your flesh is cold resistant.
You are immune to negative energy.
Your system is resistant to poisons.
You heal slowly when monsters are visible.
You are immune to unholy pain and torment.
You can survive without breathing.


Message History

An orc priest comes into view. It is wielding a dagger.
You claw the hobgoblin!
You kill the hobgoblin!
An orc comes into view. It is wielding a mace.
The orc shouts!
The orc priest calls down the wrath of Beogh upon you.
Something smites you!
An orc comes into view. It is wielding a club.
The orc shouts!
The orc priest invokes the aid of Beogh against you.
Something smites you!
* * * LOW HITPOINT WARNING * * *
Drink which item? (? for menu, Esc to quit)
Okay, then.
Read which item? (? for menu, Esc to quit)
Okay, then.
The orc priest glows brightly for a moment.
The orc priest mumbles some strange prayers to Beogh against you.
Something smites you!
You die...

#.......o#.#####.#.###.#..
#......o.#.# #.#.#.#...[..
#........#.###.#.#.###.###
######.#.#................
#.#.#....##.#.###.###
#o#.)....+..#รท# #.#
#.o......##.#.# #.#
#.............# #.#
#...@######.### #.# #....#
#..# #.# #....# ##.# #.#
#....#######.####.###
#............##......
#.............#.#.###
#...(.........#%#...#
#...............#.#.#
#............#..#.#.#


You could see an orc priest and 3 orcs.

Vanquished Creatures
  Jessica (D:3)
  3 adders (D:2)
  A giant mite (D:1)
  A worm (D:2)
  2 oozes (D:2)
  10 bats
  3 giant cockroaches (D:2)
  10 hobgoblins
  4 jackals (D:2)
  3 kobolds
  A quokka (D:3)
  A giant gecko (D:3)
  3 giant newts (D:1)
  5 goblins (D:1)
  10 rats
58 creatures vanquished.

Notes
Turn   | Place    | Note
--------------------------------------------------------------
     0 | D:1      | smajdalf, the Ghoul Warper, began the quest for the Orb.
     0 | D:1      | Reached XP level 1. HP: 17/17 MP: 2/2
   302 | D:1      | Reached skill level 3 in Unarmed Combat
   302 | D:1      | Reached XP level 2. HP: 22/24 MP: 3/3
  1077 | D:1      | Reached XP level 3. HP: 22/27 MP: 5/5
  1307 | D:2      | Reached skill level 4 in Unarmed Combat
  1755 | D:2      | Reached XP level 4. HP: 8/36 MP: 5/5
  2096 | D:2      | Reached skill level 5 in Unarmed Combat
  2548 | D:3      | Noticed Jessica
  2556 | D:3      | Killed Jessica
  2728 | D:3      | Killed from afar by an orc priest

Action                   |  1- 3 |  4- 6 || total
-------------------------+-------+-------++-------
Melee: Unarmed           |   163 |    69 ||   232
  Eat: Chunk             |    17 |    13 ||    30
